 Dungeon Crawl Stone Soup version 0.30-a0-702-gdf48620a09 (webtiles) character file.

Game seed: 490493763667416234

8715 kae the Transmogrifier (level 11, -1/84 HPs)
             Began as a Demonspawn Transmuter on Jan 21, 2023.
             Was a Follower of Ru.
             Slain by a meliai (6 damage)
             ... on level 1 of the Lair of Beasts.
             The game lasted 00:18:21 (12620 turns).

kae the Transmogrifier (Demonspawn Transmuter)     Turns: 12620, Time: 00:18:21

Health: -1/84      AC:  9    Str: 18    XL:     11   Next: 13%
Magic:  18/21      EV: 10    Int: 16    God:    Ru [*.....]
Gold:   972        SH:  0    Dex: 19    Spells: 14/24 levels left

rFire   x . .      SeeInvis .      - Unarmed
rCold   + + +      Faith    .    (shield currently unavailable)
rNeg    + . .      Spirit   .    (body armour currently unavailable)
rPois   +          Reflect  .    (helmet unavailable)
rElec   .          Harm     .    (cloak currently unavailable)
rCorr   .          Rampage  .    (gloves currently unavailable)
Will    .....                    (boots currently unavailable)
Stlth   ++++                     A - amulet of the acrobat
HPRegen 0.34/turn                S - +6 ring of strength
MPRegen 0.17/turn                N - ring of positive energy

@: ice-form
A: freezing attack, amphibious, boosted hp, large, (horns 3), thin skeletal
structure 2, ignite blood 1, (spiny 1), inability to train armour
a: End Transformation, Renounce Religion


You were on level 1 of the Lair of Beasts.
You worshipped Ru.
Ru was aware of your devotion.
You were a creature of crystalline ice.
You visited 3 branches of the dungeon, and saw 12 of its levels.

You collected 1098 gold pieces.
You spent 126 gold pieces at shops.


Innate Abilities, Weirdness & Mutations

You are a creature of crystalline ice.
You have a powerful freezing melee attack.
You are amphibious.
Your maximum health is increased.
Your armour is entirely melded.
You are incapable of wielding weapons or throwing items.
((You have a pair of large horns on your head.))
You have a moderately thin skeletal structure. (Dex +4, Stealth++)
Your demonic aura sometimes causes spilled blood to erupt in flames.
((You are partially covered in sharp spines.))
You cannot train Armour skill.


   Skills:
 - Level 1.0 Fighting
 - Level 1.7 Dodging
 + Level 7.3 Unarmed Combat
 + Level 7.0 Spellcasting
 * Level 9.8 Transmutations
 * Level 8.5 Ice Magic


You had 14 spell levels left.
You knew the following spells:

 Your Spells              Type           Power      Damage    Failure   Level
a - Beastly Appendage     Tmut           74%        N/A       1%          1
b - Wereblood             Tmut           37%        N/A       1%          2
c - Spider Form           Tmut/Pois      21%        N/A       4%          3
d - Ice Form              Ice/Tmut       35%        N/A       2%          4

Your spell library contained the following spells:

 Spells                   Type           Power      Damage    Failure   Level
 Freeze                   Ice            100%       1d10      1%          1
 Frozen Ramparts          Ice            64%        1d10      1%          3
 Hailstorm                Conj/Ice       19%        3d6       6%          3
 Kiss of Death            Conj/Necr      20%        2d7       12%         1
 Static Discharge         Conj/Air       10%        2-3/arc   19%         2
 Confusing Touch          Hex            5%         N/A       36%         3
 Vhi's Electric Charge    Tloc/Air       10%        N/A       36%         3
 Dispel Undead            Necr           5%         3d7       77%         4
 Arcjolt                  Conj/Air       2%         1d12      98%         5
 Lightning Bolt           Conj/Air       2%         1d14      98%         5

Inventory:

Missiles
 l - 104 stones
 m - 37 poisoned darts
 o - 3 throwing nets {=f!f}
 z - 2 curare-tipped darts {=f}
 J - 5 boomerangs
Armour
 a - a +1 robe (melded)
 s - a +0 cloak
   (You took it off Crazy Yiuf on level 4 of the Dungeon)
Magical Staves
 i - a staff of fire {!a}
   (You found it on level 5 of the Dungeon)
 p - a staff of air {!a}
   (You found it on level 3 of the Dungeon)
Jewellery
 n - a ring of positive energy
   (You found it on level 8 of the Dungeon)
 A - an amulet of the acrobat (around neck)
   (You found it on level 1 of the Dungeon)
 L - a ring of flight
   (You found it on level 5 of the Dungeon)
 N - a ring of positive energy (right front paw)
   (You found it on level 1 of the Dungeon)
 S - a +6 ring of strength (left front paw)
   (You found it on level 1 of the Dungeon)
Wands
 d - a wand of flame (69)
   (You found it on level 4 of the Dungeon)
 j - a wand of quicksilver (8)
   (You found it on level 8 of the Dungeon)
 w - a wand of mindburst (9)
   (You found it on level 6 of the Dungeon)
 D - a wand of iceblast (7)
   (You found it on level 8 of the Dungeon)
 E - a wand of digging (12)
   (You found it on level 7 of the Dungeon)
 F - a wand of polymorph (12)
   (You took it off Edmund on level 5 of the Dungeon)
Scrolls
 c - 4 scrolls of teleportation {@r4}
 g - a scroll of summoning {unknown}
 k - 5 scrolls of vulnerability {!r!r}
 r - 2 scrolls of blinking {!r}
 u - a scroll of magic mapping {!r}
 v - 5 scrolls of enchant armour
 x - 2 scrolls of fog
 y - a scroll of poison {!r}
 H - 2 scrolls of identify {@r1}
 M - a scroll of enchant weapon
Potions
 b - 2 potions of lignification {!q}
 e - 3 potions of cancellation
 f - 2 potions of degeneration {!q}
 h - 3 potions of curing {@q1}
 q - a potion of mutation {!q}
 t - a potion of magic
 B - 2 potions of flight
 C - a potion of brilliance
 G - a potion of heal wounds {@q2}
 K - a potion of might
 O - a potion of haste {@q3}

Dungeon Overview and Level Annotations

Branches:
Dungeon (10/15) Zot: 25537  Temple (1/1) D:5 Zot: 5844    Lair (1/5) D:9 Zot: 5804
    Orc (0/2) D:10

Altars:
Ashenzari
Cheibriados
Dithmenos
Fedhas
Gozag
Hepliaklqana
Kikubaaqudgha
Makhleb
Nemelex Xobeh
Okawaru
Qazlal
Ru
Sif Muna
Trog
Vehumet
Wu Jian
Xom
Yredelemnul

Shops:
D:5 *   D:8 *

Annotations:
D:6 2 runed translucent doors, LowRida's ghost, novice GnRe; Maggie
D:8 Psyche
D:10 Erolcha; Gastronok

#.......# #.......#.....
#.......####.............
#........................
##.......###..............
#P..#.##.####.............
##...###..##......†.......
##..# #.####.............
#..# #.# #.(.y..........
##..# #.# ##.Y...........
####...###.####)......#.....
...................######...
....................##. ...
....................>.. ..
.......................#
.......##...............
......####.........##.#.
##...P ##.........###


You could see a meliai.


Message History

The bullfrog misses you.
The bullfrog hits you but does no damage. 😮 HP[+1] MP[+1]
The bullfrog misses you.
The bullfrog barely misses you. 😮 HP[+1]
You closely miss the bullfrog.
The bullfrog hits you but does no damage.
You hit the bullfrog.
The bullfrog seems to slow down.
You freeze the bullfrog. The bullfrog hits you. 😮 HP[-1]
You take 1 damage, and now have 56/84 hp.
You barely miss the bullfrog.
The bullfrog is stunned by your conviction and fails to attack.
You barely miss the bullfrog.
The bullfrog hits you but does no damage. 😮 HP[+1]
You punch the bullfrog! You freeze the bullfrog.
The bullfrog is engulfed in blazing flames.
You kill the bullfrog!
Your Spellcasting skill increases to level 7! 😮 MP[+1]
You see here a bullfrog corpse. 😮 HP[+1] Unknown command.
Key pressed, stopping explore.
Unknown command. 😕 HP[+11] MP[+1]
You regained 11 hp, and now have 69/84 hp.
Your mp is fully restored (21).
Your transformation is almost over.
Key pressed, stopping explore.
You warm up again.
Your +1 robe unmelds from your body.
A boulder beetle comes into view. 😕 HP[-1]
You now have 70 max hp (-14).
A boulder beetle is nearby!
A boulder beetle is nearby!
A boulder beetle is nearby!
Unknown command.
Attack: -) Nothing wielded
Press: ? - help, Dir - move target, f - you
Okay, then.
Attack: -) Nothing wielded
Press: ? - help, Dir - move target, f - you
Okay, then.
Aiming: Polymorph
Press: ? - help, Shift-Dir - straight line, f - boulder beetle
Aim: a boulder beetle (wandering, hasn't noticed you, will become a meliai, a jorogumo, or a satyr, chance to affect: 31%)
The boulder beetle evaporates and reforms as a meliai!
The meliai calls down the wrath of its god upon you.
Something smites you! 😕 HP[-14]
You take 14 damage, and now have 54/70 hp.
The meliai invokes the aid of its god against you.
Something smites you!
You see here a +0 arbalest. 😮 HP[-11]
You take 11 damage, and now have 43/70 hp.
Casting: Ice Form (dangerous; 2% risk of failure)
Confirm with . or Enter, or press ? or * to list all spells.
You turn into a creature of crystalline ice.
Your +1 robe melds into your body. 😮 HP[+10] MP[-4]
You now have 84 max hp (+14).
You regained 10 hp, and now have 53/84 hp.
You lost 4 mp, and now have 17/21 mp.
The meliai completely misses you. The meliai stings you. The meliai hits you!
* * * LOW HITPOINT WARNING * * *
The meliai stings you.
* * * LOW HITPOINT WARNING * * *
😨 HP[-15]
You take 15 damage, and now have 38/84 hp.
You hit the meliai. You freeze the meliai.
The meliai calls down the wrath of its god upon you.
Something smites you!
* * * LOW HITPOINT WARNING * * *
The meliai hits you.
* * * LOW HITPOINT WARNING * * *
The meliai stings you.
* * * LOW HITPOINT WARNING * * *
😨 HP[-14]
You take 14 damage, and now have 24/84 hp.
You closely miss the meliai. The meliai misses you. The meliai stings you!
* * * LOW HITPOINT WARNING * * *
The meliai hits you!
* * * LOW HITPOINT WARNING * * *
The meliai stings you.
* * * LOW HITPOINT WARNING * * *
Unknown command. 😱 HP[-20]
You take 20 damage, and now have 4/84 hp.
MASSIVE DAMAGE!! (PAUSE)
You feel much better.
The meliai invokes the aid of its god against you.
Something smites you!
* * * LOW HITPOINT WARNING * * *
The meliai hits you.
You die...

Skill      XL: |  1  2  3  4  5  6  7  8  9 10 11 |
---------------+----------------------------------+-----
Transmutations | 2 3 4 6 8 9 |  9.8
Unarmed Combat | 3 4 5 6 7 |  7.3
Spellcasting   | 3 4 5 6 7 |  7.0
Ice Magic      | 1 3 4 6 8 |  8.5
Fighting       | |  1.0
Dodging        | |  1.7

Action                   |  1- 3 |  4- 6 |  7- 9 | 10-12 || total
-------------------------+-------+-------+-------+-------++-------
Melee: Unarmed           |   112 |   145 |   254 |   179 ||   690
       Kick              |    18 |    34 |     1 |       ||    53
       Headbutt          |     9 |    24 |     1 |       ||    34
       Punch             |     1 |     2 |       |       ||     3
 Cast: Beastly Appendage |    23 |    25 |     3 |     1 ||    52
       Spider Form       |       |     2 |    11 |       ||    13
       Ice Form          |       |     1 |    28 |    20 ||    49
       Wereblood         |       |     1 |    11 |    10 ||    22
Invok: Sacrifice Durabil |       |       |       |     1 ||     1
Evoke: Wand              |       |       |       |     1 ||     1
  Use: Scroll            |     6 |     6 |     6 |     5 ||    23
       Potion            |       |     2 |     3 |     5 ||    10
 Stab: Sleeping          |     2 |       |     5 |     1 ||     8
Armor: Robe              |    17 |    21 |     1 |       ||    39
       Skin              |       |    17 |    47 |    87 ||   151
Dodge: Dodged            |    76 |   129 |   134 |   157 ||   496

Levels and vault maps discovered:
D:1:      saegor_arrival_under_anarchy, layout_rooms, minmay_tree_intersection,
          chequers_mini_garden, roderic_cross_of_infinity, minivault_24,
          minmay_heptomino_l4
D:2:      layout_rooms, feat_on_display
D:3:      layout_basic, chequers_ecumenical_altar_lobes
D:4:      kennysheep_six_static_rooms, layout_cave_pods,
          grunt_temple_overflow_gold_and_silver,
          nicolae_hepliaklqana_hazy_memory, serial_undead, serial_undead_f,
          serial_undead_e, serial_undead_e, serial_undead_f,
          uniq_crazy_yiuf_cottage, uniq_robin
D:5:      layout_basic, okawaru_metal_pillars_1_2, minmay_temple_entry_mist,
          serial_shops, shop, dreamdust_princess_corridor, uniq_pikel,
          uniq_edmund, uniq_sigmund
D:6:      layout_basic, ebering_ghost_disaster_area, chequers_avenue,
          uniq_maggie
D:7:      layout_basic, amcnicky_altar_gilded, grunt_temple_overflow_open,
          vehumet_altar_wand_db
D:8:      layout_basic, serial_shops, nicolae_take_the_stairs,
          minmay_misc_feat_secret_circle, minmay_misc_feat_chi, uniq_psyche
D:9:      layout_cave_pools, elyvilon_altar_3, general_overflow_altar,
          david_lair_generic
D:10:     layout_gridville, david_orc_5, uniq_gastronok, uniq_erolcha
Temple:   hellmonk_temple_flake
Lair:1:   dreamdust_cave_troll, layout_gridlike

Notes
Turn   | Place    | Note
-------+----------+-------------------------------------------
     0 | D:1      | kae the Demonspawn Transmuter began the quest for the Orb.
     0 | D:1      | Reached XP level 1. HP: 15/15 MP: 3/3
     0 | D:1      | magus.rc [v1.11.3]
    47 | D:1      | Reached skill level 2 in Transmutations
   165 | D:1      | Gained mutation: Your demonic aura sometimes causes spilled
                  | blood to erupt in flames. [demonic ancestry]
   165 | D:1      | Reached XP level 2. HP: 21/21 MP: 3/5
   290 | D:1      | You pick up a book of Frost and begin reading...
   290 | D:1      | You add the spells Freeze, Frozen Ramparts and Hailstorm to
                  | your library.
   635 | D:1      | Reached skill level 3 in Unarmed Combat
   809 | D:2      | Learned a level 2 spell: Wereblood
   854 | D:2      | Reached XP level 3. HP: 23/26 MP: 4/6
  1563 | D:3      | Reached skill level 3 in Transmutations
  1642 | D:3      | Mutation became permanent: You have a pair of small horns
                  | on your head. [demonic ancestry]
  1642 | D:3      | Gained mutation: You have a pair of horns on your head.
                  | [demonic ancestry]
  1642 | D:3      | Reached XP level 4. HP: 32/32 MP: 5/7
  1737 | D:3      | Found a faded altar of an unknown god.
  2201 | D:3      | Learned a level 3 spell: Spider Form
  2374 | D:4      | Identified the +2 short sword of the Traitor {flame, *Rage
                  | Fragile rCorr Dex+7}
  2385 | D:4      | Noticed a phantom
  2403 | D:4      | HP: 7/32 [frozen (5)]
  2529 | D:3      | Killed a phantom
  2530 | D:3      | Reached skill level 3 in Spellcasting
  2530 | D:3      | Gained mutation: You have a pair of horns on your head.
                  | [demonic ancestry]
  2530 | D:3      | Reached XP level 5. HP: 17/37 MP: 5/9
  2589 | D:3      | Learned a level 4 spell: Ice Form
  2603 | D:4      | Reached skill level 4 in Transmutations
  2902 | D:4      | Reached XP level 6. HP: 28/43 MP: 9/11
  3093 | D:4      | Found a hazy altar of Hepliaklqana.
  3169 | D:4      | Found an opulent altar of Gozag.
  3234 | D:4      | HP: 9/43 [scorpion (2)]
  3238 | D:4      | Reached skill level 4 in Unarmed Combat
  3524 | D:4      | You pick up a book of Lightning and begin reading...
  3524 | D:4      | You add the spells Static Discharge, Vhi's Electric Charge,
                  | Lightning Bolt and Arcjolt to your library.
  3686 | D:4      | Found a runed translucent door.
  3687 | D:4      | Noticed Crazy Yiuf
  3741 | D:4      | HP: 6/43 [acid (5)]
  3747 | D:4      | HP: 6/64 [acid (3)]
  3891 | D:4      | Noticed Robin
  3914 | D:4      | Killed Robin
  3968 | D:4      | Reached skill level 1 in Ice Magic
  3968 | D:4      | Gained mutation: You have a somewhat thin skeletal
                  | structure. (Dex +2, Stealth+) [demonic ancestry]
  3968 | D:4      | Reached XP level 7. HP: 48/48 MP: 9/12
  4091 | D:4      | Killed Crazy Yiuf
  4092 | D:4      | Reached skill level 5 in Transmutations
  4149 | D:5      | Entered Level 5 of the Dungeon
  4210 | D:5      | Reached skill level 2 in Ice Magic
  4596 | D:5      | Found an iron altar of Okawaru.
  4756 | D:5      | Reached skill level 4 in Spellcasting
  4799 | D:5      | Found a staircase to the Ecumenical Temple.
  4812 | Temple   | Entered the Ecumenical Temple
  4956 | Temple   | Became a worshipper of Ru the Awakened
  5018 | D:5      | Noticed Pikel
  5027 | D:5      | Killed Pikel
  5028 | D:5      | Reached skill level 6 in Transmutations
  5028 | D:5      | Reached skill level 3 in Ice Magic
  5028 | D:5      | Gained mutation: You have a moderately thin skeletal
                  | structure. (Dex +4, Stealth++) [demonic ancestry]
  5028 | D:5      | Reached XP level 8. HP: 20/54 MP: 10/14
  5295 | D:5      | Found Puutiwk's General Store.
  5369 | D:5      | Bought a scroll of identify for 22 gold pieces
  5369 | D:5      | Bought a scroll of identify for 22 gold pieces
  5369 | D:5      | Bought a scroll of blinking for 82 gold pieces
  5371 | D:5      | Identified a scroll of acquirement
  5371 | D:5      | Acquired 366 gold pieces
  5407 | D:5      | Reached skill level 5 in Unarmed Combat
  5497 | D:5      | Reached skill level 4 in Ice Magic
  5497 | D:5      | Noticed Edmund
  5521 | D:5      | Killed Edmund
  6022 | D:5      | Noticed Sigmund
  6031 | D:5      | Killed Sigmund
  6032 | D:5      | Reached skill level 5 in Spellcasting
  6190 | D:6      | Reached XP level 9. HP: 59/59 MP: 13/16
  6261 | D:6      | Reached skill level 7 in Transmutations
  6261 | D:6      | Reached skill level 5 in Ice Magic
  6337 | D:6      | Found a large runed translucent door.
  6338 | D:6      | Found a large runed translucent door.
  6354 | D:6      | Noticed LowRida's ghost (novice GnRe)
  6448 | D:6      | Noticed Maggie
  7127 | D:7      | Found a shimmering altar of Xom.
  7128 | D:7      | Found an ancient bone altar of Kikubaaqudgha.
  8172 | D:8      | Found Suqelu's General Store.
  8245 | D:8      | Reached skill level 6 in Ice Magic
  8517 | D:8      | Reached skill level 6 in Unarmed Combat
  8525 | D:8      | Reached skill level 8 in Transmutations
  8861 | D:8      | Noticed Psyche
  8932 | D:8      | You pick up a book of Touch and begin reading...
  8932 | D:8      | You add the spells Kiss of Death, Confusing Touch and
                  | Dispel Undead to your library.
  9308 | D:7      | Found a radiant altar of Vehumet.
  9356 | D:7      | Found a bloodstained altar of Trog.
  9537 | D:7      | Gained mutation: You have a pair of large horns on your
                  | head. [demonic ancestry]
  9537 | D:7      | Reached XP level 10. HP: 65/65 MP: 13/18
  9809 | D:9      | Reached skill level 6 in Spellcasting
  9987 | D:9      | Noticed an orange demon
  9991 | D:9      | Reached skill level 7 in Ice Magic
 10232 | D:9      | Noticed a two-headed ogre
 10240 | D:9      | Killed a two-headed ogre
 10241 | D:9      | Reached skill level 9 in Transmutations
 10569 | D:9      | Found a broken altar of Ashenzari.
 10628 | D:9      | Found a staircase to the Lair.
 10628 | D:9      | Noticed an elephant
 10658 | D:9      | Killed an elephant
 10659 | D:9      | Reached skill level 7 in Unarmed Combat
 10659 | D:9      | Reached skill level 8 in Ice Magic
 10949 | D:10     | Entered Level 10 of the Dungeon
 11126 | D:10     | Noticed Erolcha
 11339 | D:10     | HP: 18/78 [something (6)]
 11480 | D:10     | Noticed Gastronok
 11671 | D:10     | Gained mutation: You are partially covered in sharp spines.
                  | [demonic ancestry]
 11671 | D:10     | Reached XP level 11. HP: 57/70 MP: 17/21
 11880 | D:10     | Found a staircase to the Orcish Mines.
 12423 | Lair:1   | Entered Level 1 of the Lair of Beasts
 12468 | Lair:1   | Gained mutation: You cannot train Armour skill. [Ru
                  | sacrifice]
 12468 | Lair:1   | Reached * piety under Ru
 12542 | Lair:1   | Reached skill level 7 in Spellcasting
 12611 | Lair:1   | Noticed a boulder beetle
 12612 | Lair:1   | a boulder beetle changed into a meliai
 12619 | Lair:1   | HP: 16/84 [meliai (8)]
 12619 | Lair:1   | HP: 7/84 [meliai (9)]
 12620 | Lair:1   | Slain by a meliai

Vanquished Creatures
  A two-headed ogre (D:9)
  Pikel (D:5)
  An elephant (D:9)
  A rime drake (Lair:1)
  An unseen horror (D:10)
  3 kobold demonologists (D:9)
  A hornet (D:9)
  Sigmund (D:5)
  A vampire (D:9)
  A shadow (D:9)
  A wyvern (D:10)
  4 yaks
  Edmund (D:5)
  A water moccasin (D:9)
  An acid dragon (D:10)
  An ice beast (D:5)
  8 orc warriors
  2 sky beasts
  5 black bears
  3 ogres
  3 centaurs
  3 phantoms
  3 lemures (D:5)
  5 kobold brigands
  4 bullfrogs
  2 scorpions
  3 wights (D:8)
  3 killer bees (D:10)
  2 howler monkeys
  2 centaur zombies (D:4)
  2 hounds
  6 orc priests
  A jelly (D:4)
  Crazy Yiuf (D:4)
  A gnoll bouda (D:5)
  3 iguanas
  7 orc wizards
  2 hound zombies (D:4)
  A hound skeleton (D:4)
  Robin (D:4)
  7 adders
  5 gnolls (D:5)
  A shadow imp (D:7)
  3 white imps
  2 adder zombies (D:4)
  A worm (D:4)
  3 dart slugs
  42 orcs
  7 ball pythons
  A bat (D:1)
  6 endoplasms
  5 giant cockroaches
  17 goblins
  10 hobgoblins
  2 jackals (D:1)
  35 kobolds
  8 quokkas
  2 frilled lizards
  2 rats
253 creatures vanquished.

Vanquished Creatures (others)
  3 fungi (Lair:1)
  A withered plant (D:4)
4 creatures vanquished.

Grand Total: 257 creatures vanquished

Table legend:
 A = Non-vault XP
 B = Vault XP
 C = Vault XP percentage of total XP
 D = Non-vault monster count
 E = Vault monster count
 F = Vault count percentage of total count
                 A         B        C        D         E       F
            +---------+---------+-------+---------+---------+-------
      Total |    8919 |    3531 |  28.4 |     190 |      60 |  24.0
            +---------+---------+-------+---------+---------+-------
        D:1 |      26 |       7 |  21.2 |      14 |       3 |  17.6
        D:2 |      37 |       0 |   0.0 |      13 |       0 |   0.0
        D:3 |      56 |     109 |  66.1 |      17 |       1 |   5.6
        D:4 |     126 |     423 |  77.0 |      20 |      26 |  56.5
        D:5 |     832 |    1109 |  57.1 |      22 |       3 |  12.0
        D:6 |     573 |       0 |   0.0 |       9 |       0 |   0.0
        D:7 |     994 |       2 |   0.2 |      29 |       1 |   3.3
        D:8 |    1302 |       0 |   0.0 |      20 |       0 |   0.0
        D:9 |    3448 |     947 |  21.5 |      29 |       4 |  12.1
       D:10 |    1071 |     934 |  46.6 |      15 |      22 |  59.5
     Lair:1 |     454 |       0 |   0.0 |       2 |       0 |   0.0
            +---------+---------+-------+---------+---------+-------

Illustrated notes

Table legend:
 A = Kills in this place as a percentage of kills in entire the game.
 B = Kills by you in this place as a percentage of kills by you in the entire game.
 C = Kills by friends in this place as a percentage of kills by friends in the entire game.
 D = Other kills in this place as a percentage of other kills in the entire game.
 E = Experience gained in this place as a percentage of experience gained in the entire game.
 F = Experience gained in this place divided by the number of levels of this place that you have seen.
                   A       B       C       D       E      F
               +-------+-------+-------+-------+-------+----------------------
         Total | 100.0 | 100.0 |   N/A |   N/A | 100.0 | 1037.5
       Dungeon |  99.2 |  99.2 |   N/A |   N/A |  96.4 | 1199.6
          Lair |   0.8 |   0.8 |   N/A |   N/A |   3.6 | 454.0
               +-------+-------+-------+-------+-------+----------------------

Table legend: (Time is in decaauts)
 A = Elapsed time spent in this place.
 B = Non-inter-level travel time spent in this place.
 C = Inter-level travel time spent in this place.
 D = Time resting spent in this place.
 E = Time spent auto-exploring this place.
 F = Levels seen in this place.
 G = Mean time per level.
                   A        B        C        D        E       F      G
               +--------+--------+--------+--------+--------+-----+--------+
         Total |  12580 |  11864 |    716 |    575 |   9496 |  12 | 1048.3 |
       Dungeon |  12229 |  11524 |    705 |    575 |   9216 |  10 | 1222.9 |
        Temple |    155 |    145 |     10 |      0 |    125 |   1 |  155.0 |
          Lair |    194 |    194 |      0 |      0 |    155 |   1 |  194.0 |
               +--------+--------+--------+--------+--------+-----+--------+

Top non-repeatable levels by time:
     D:4: 1869 daAuts
     D:5: 1597 daAuts
    D:10: 1434 daAuts
     D:7: 1365 daAuts
     D:9: 1262 daAuts
     D:8: 1259 daAuts
     D:3: 1220 daAuts
     D:6: 930 daAuts
     D:1: 700 daAuts
     D:2: 589 daAuts
  Lair:1: 194 daAuts
  Temple: 155 daAuts
